 Seeded DCSS version 0.31-a0-496-g6f97920a28 (webtiles) character file.

Game seed: 17088002534519195359 (custom seed)

124 bmack86 the Chopper (level 4, -4/39 HPs)
             Began as a Minotaur Fighter on Aug 9, 2023.
             Slain by a gnoll
             ... wielding a +0 spear
              (7 damage)
             ... on level 3 of the Dungeon.
             The game lasted 00:04:18 (2044 turns).

bmack86 the Chopper (Minotaur Fighter)              Turns: 2044, Time: 00:04:18

Health: -4/39      AC: 10    Str: 22    XL:     4   Next: 81%
Magic:  3/3        EV:  9    Int:  5    God:
Gold:   90         SH:  4    Dex: 10    Spells: 3/3 levels left

rFire   . . .        a - +0 war axe
rCold   . . .        c - +0 buckler
rNeg    . . .        b - +0 scale mail
rPois   .            (helmet restricted)
rElec   .            s - +0 cloak
rCorr   .            r - +0 pair of gloves
SInv    .            e - +0 pair of boots
Will    .....        (no amulet) Stlth
                     (no ring)
HPRegen 0.26/turn    (no ring)
MPRegen 0.08/turn

%: no passive effects
@: mighty
A: horns 2, retaliatory headbutt
a: no special abilities


You were on level 3 of the Dungeon.
You visited 1 branch of the dungeon, and saw 3 of its levels.

You collected 180 gold pieces.
You spent 90 gold pieces at shops.

Inventory:

Hand Weapons
 a - a +0 war axe (weapon)
Missiles
 g - 7 boomerangs (quivered)
Armour
 b - a +0 scale mail (worn)
 c - a +0 buckler (worn)
 e - a +0 pair of boots (worn)
 r - a +0 pair of gloves (worn)
 s - a +0 cloak (worn)
Scrolls
 f - a scroll of enchant armour {unknown}
 j - a scroll of torment {unknown}
 l - a scroll of amnesia {unknown}
 n - a scroll of identify {unknown}
 o - a scroll of revelation {unknown}
 p - a scroll of fog {unknown}
 q - a scroll of blinking {unknown}
 u - a scroll of immolation {unknown}
Potions
 d - a potion of might
 h - a potion of attraction {unknown}
 i - a potion of heal wounds {unknown}
 k - 3 potions of haste {unknown}
 m - a potion of curing {unknown}
 t - a potion of lignification {unknown}


   Skills:
 - Level 3.6 Fighting
 + Level 6.2 Axes
 - Level 3.6 Armour
 - Level 3.6 Shields


You had 3 spell levels left.
You didn't know any spells.
Your spell library contained the following spells:

 Spells                   Type           Power      Damage    Failure   Level
 Apportation              Tloc           0%         N/A       86%         1
 Magic Dart               Conj           0%         1d3       86%         1
 Necrotise                Necr           0%         1d4       86%         1
 Summon Small Mammal      Summ           0%         N/A       86%         1
 Blink                    Tloc           0%         N/A       95%         2
 Lesser Beckoning         Tloc           0%         N/A       95%         2
 Momentum Strike          Conj/Tloc      0%         3d8       95%         2
 Searing Ray              Conj           0%         2d4       95%         2
 Fulminant Prism          Conj/Hex       0%         3d5       100%        4


Dungeon Overview and Level Annotations

Branches:
Dungeon (3/15)

Altars:
Elyvilon
Zin

Shops:
D:2 [


Innate Abilities, Weirdness & Mutations

You have a pair of horns on your head.
You reflexively headbutt those who attack you in melee.


Message History

The gnoll closely misses you.
You see here a +0 spear.
A gnoll comes into view. It is wielding a +0 spear.
The gnoll attacks as you move away! The gnoll hits you but does no damage.
The gnoll shouts!
The gnoll hits you with a +0 spear.
You hit the gnoll.
The gnoll is heavily wounded.
You barely miss the gnoll. The gnoll hits you but does no damage.
The gnoll hits you from afar with a +0 spear.
The gnoll hits you but does no damage. You block the gnoll's attack.
The gnoll closely misses you.
You slash the gnoll!
You kill the gnoll!
You hit the gnoll but do no damage. You block the gnoll's attack.
The gnoll hits you but does no damage.
Your Axes skill increases to level 6!
You hit the gnoll.
The gnoll is moderately wounded.
The gnoll hits you with a +3 flail!
The gnoll hits you from afar with a +0 spear!
* * * LOW HITPOINT WARNING * * *
The gnoll hits you with a +3 flail.
* * * LOW HITPOINT WARNING * * *
You feel very mighty all of a sudden. The gnoll closely misses you. x2
You slash the gnoll!
You kill the gnoll!
The gnoll hits you from afar with a +0 spear.
* * * LOW HITPOINT WARNING * * *
The gnoll barely misses you.
You see here a +0 spear.
You barely miss the gnoll. The gnoll hits you with a +0 spear.
* * * LOW HITPOINT WARNING * * *
The gnoll hits you with a +0 spear.
* * * LOW HITPOINT WARNING * * *
You slash the gnoll!
The gnoll is severely wounded.
The gnoll hits you with a +0 spear!
You die...

#.....#
###################
♣♣P.~~.#
###..................
P..P~~.##
#...#################
.♣♣.....#####.####
..♣♣.P......))...#
..P♣.♣####.##.##)#
_....♣...#.#..##)#
..P♣.♣...#..>###.#
..♣♣.P.........#@#
.♣♣PP..........#g#
...P~~...........#
♣♣..~≈...........#
....####........##
###### ....#
########.# #....#
...... #.# #....#
.....# #)####....#
.....# #..†......#


You could see a gnoll.

Vanquished Creatures
  3 adders (D:2)
  3 gnolls (D:3)
  3 worms
  4 bats
  2 endoplasms (D:2)
  2 giant cockroaches
  5 goblins
  4 hobgoblins
  6 jackals
  11 kobolds
  3 quokkas
  7 ball pythons
  A frilled lizard (D:1)
  5 rats
  A spectral kobold (D:2)
60 creatures vanquished.

Vanquished Creatures (others)
  A butterfly (D:3)
1 creature vanquished.

Grand Total: 61 creatures vanquished

Notes
Turn   | Place    | Note
-------+----------+-------------------------------------------
     0 | D:1      | bmack86 the Minotaur Fighter began the quest for the Orb.
     0 | D:1      | Reached XP level 1. HP: 19/19 MP: 0/0
   141 | D:1      | Reached skill level 3 in Axes
   220 | D:1      | Reached XP level 2. HP: 26/26 MP: 1/1
   498 | D:1      | Reached skill level 4 in Axes
   750 | D:2      | Reached XP level 3. HP: 31/31 MP: 2/2
   852 | D:2      | Found a glowing silver altar of Zin.
   894 | D:2      | Identified the +7 whip of Traps {heavy, Str+2}
   913 | D:2      | Reached skill level 5 in Axes
   944 | D:2      | Found a faded altar of an unknown god.
  1132 | D:2      | Reached XP level 4. HP: 35/39 MP: 3/3
  1363 | D:2      | Found Ajoe's Armour Boutique.
  1369 | D:2      | Bought a +0 pair of gloves for 45 gold pieces
  1369 | D:2      | Bought a +0 cloak for 45 gold pieces
  1976 | D:3      | Found a white marble altar of Elyvilon.
  2039 | D:3      | Reached skill level 6 in Axes
  2044 | D:3      | Slain by a gnoll

Illustrated notes

Levels and vault maps discovered:
D:1:      dpeg_arrival_connections, layout_loops_ring, hangedman_feature_mirror,
          nicolae_concentric_dashed_squares_mild
D:2:      layout_basic, dreamdust_ecumenical_altar_drowned_temple, basic_altar,
          serial_shops, nicolae_shop_peninsula, hex_intersection, minmay_unequal
D:3:      layout_basic, makhleb_altar_promises_db,
          nicolae_elyvilon_peaceful_grove

Skill      XL: |  1  2  3  4 |
---------------+-------------+-----
Axes           | 3 4 5 6 |  6.2
Fighting       | |  3.6
Armour         | |  3.6
Shields        | |  3.6

Action                     |  1- 3 |  4- 6 || total
---------------------------+-------+-------++-------
  Melee: War axe           |    78 |    41 ||   119
         Headbutt          |    14 |     3 ||    17
  Throw: Boomerang         |     4 |       ||     4
    Use: Potion            |       |     1 ||     1
 Armour: Scale mail        |    33 |    20 ||    53
  Dodge: Dodged            |    41 |    22 ||    63
  Block: Buckler           |    19 |    14 ||    33

Table legend: (Time is in decaauts)
 A = Elapsed time spent in this place.
 B = Non-inter-level travel time spent in this place.
 C = Inter-level travel time spent in this place.
 D = Time resting spent in this place.
 E = Time spent auto-exploring this place.
 F = Levels seen in this place.
 G = Mean time per level.
                   A        B        C        D        E       F      G
               +--------+--------+--------+--------+--------+-----+--------+
         Total |   2087 |   2078 |      9 |      0 |   1527 |   3 |  695.7 |
       Dungeon |   2087 |   2078 |      9 |      0 |   1527 |   3 |  695.7 |
               +--------+--------+--------+--------+--------+-----+--------+

Top non-repeatable levels by time:
     D:2: 764 daAuts
     D:1: 751 daAuts
     D:3: 571 daAuts
